 Dungeon Crawl Stone Soup version 0.31.0-12-g77e489cdc1 (webtiles) character file.

Game seed: 17505222004218656961

1463 Gadfly the Covered (level 8, 0/99 HPs)
             Began as an Armataur Fighter on Feb 29, 2024.
             Was an Initiate of Elyvilon.
             Slain by Maggie
             ... wielding a +3 broad axe of flaming
              (9 damage)
             ... on level 6 of the Dungeon.
             The game lasted 00:06:41 (4088 turns).

Gadfly the Covered (Armataur Fighter)               Turns: 4088, Time: 00:06:42

Health: 0/99       AC: 29    Str: 21    XL:     8   Next: 48%
Magic:  11/11      EV:  7    Int: 10    God:    Elyvilon [......]
Gold:   248        SH:  5    Dex: 11    Spells: 7/7 levels left

rFire   . . .        a - +1 flail (protect)
rCold   . . .        c - +0 buckler
rNeg    . . .        e - +0 plate armour
rPois   .            (no helmet)
rElec   .            (no cloak)
rCorr   .            i - +2 pair of gloves
SInv    .            j - +0 barding
Will    .....        (no amulet) Stlth
                     k - +4 ring of protection
HPRegen 0.36/turn    r - +5 ring of evasion
MPRegen 0.12/turn

%: roll
@: berserking, under a protective aura, very quick
A: large, deformed body, tough skin 3, armoured tail, roll 2
a: Renounce Religion


You were on level 6 of the Dungeon.
You worshipped Elyvilon.
Elyvilon was noncommittal.
You visited 2 branches of the dungeon, and saw 7 of its levels.

You collected 248 gold pieces.

Inventory:

Hand Weapons
 a - a +1 flail of protection (weapon)
 v - a +1 flail
Armour
 c - a +0 buckler (worn)
 e - a +0 plate armour (worn)
 i - a +2 pair of gloves (worn)
 j - a +0 barding (worn)
Jewellery
 k - a +4 ring of protection (left hand)
 o - a ring of willpower
 p - a ring of fire
 r - a +5 ring of evasion (right hand)
Wands
 n - a wand of roots (12) (quivered)
 u - a wand of flame (20)
Scrolls
 g - a scroll of identify
 l - 2 scrolls of blinking
 t - a scroll of fear
 w - a scroll of enchant weapon
Potions
 b - a potion of attraction
 d - 2 potions of might
 h - a potion of lignification
 m - a potion of mutation {unknown}
 q - a potion of enlightenment {unknown}


   Skills:
 + Level 4.2 Fighting
 * Level 4.8 Maces & Flails
 + Level 5.5 Armour
 + Level 5.0 Shields
 * Level 4.7 Invocations
 * Level 4.7 Evocations


You had 7 spell levels left.
You didn't know any spells.
Your spell library contained the following spells:

 Spells                   Type           Power      Damage    Failure   Level
 Jinxbite                 Hex            0%         N/A       100%        2
 Yara's Violent Unravell  Hex/Alch       0%         3d3       100%        5
 Enfeeble                 Hex            0%         N/A       100%        7


Dungeon Overview and Level Annotations

Branches:
Dungeon (7/15)             Temple (1/1) D:4

Altars:
Ashenzari
Cheibriados
Dithmenos
Elyvilon
Fedhas
Gozag
Kikubaaqudgha
Makhleb
Nemelex Xobeh
Okawaru
Ru
Sif Muna
Vehumet
Wu Jian
Xom
Yredelemnul
Zin

Annotations:
D:4 2 transporters, ChrisAssaf's ghost, amateur HuEn
D:6 1 runed translucent door, Charlie33ad's ghost, novice HOBe; Maggie


Innate Abilities, Weirdness & Mutations

Armour fits poorly on your strangely shaped body.
You have extremely tough skin. (AC +3)
You have a long armoured tail.
You regenerate magic and health when rolling toward enemies. (Rampage Regen)


Message History

You hit Maggie but do no damage.
Maggie is moderately wounded.
Maggie hits you with a +3 broad axe of flaming.
Maggie burns you. Maggie hits you but does no damage.
You are too injured to fight recklessly!
You are too injured to fight recklessly!
You are too injured to fight recklessly!
You are too injured to fight recklessly!
You are too injured to fight recklessly!
You are too injured to fight recklessly!
You are too injured to fight recklessly!
You are too injured to fight recklessly!
You are too injured to fight recklessly!
You are too injured to fight recklessly!
You are too injured to fight recklessly!
You are too injured to fight recklessly!
You are too injured to fight recklessly!
You are too injured to fight recklessly!
You are too injured to fight recklessly!
Unknown command.
You closely miss Maggie.
Maggie is moderately wounded.
Maggie points at you and mumbles some strange words.
The bolt of fire hits you!!
* * * LOW HITPOINT WARNING * * *
You hit Maggie but do no damage.
Maggie is moderately wounded.
Maggie hits you with a +3 broad axe of flaming.
* * * LOW HITPOINT WARNING * * *
Maggie burns you.
* * * LOW HITPOINT WARNING * * *
You barely miss Maggie.
Maggie is moderately wounded.
Maggie barely misses you.
A red film seems to cover your vision as you go berserk!
You feel yourself moving faster!
You feel mighty! You block Maggie's attack.
You completely miss Maggie. You tail-slap Maggie, but do no damage.
Maggie is moderately wounded.
Maggie hits you with a +3 broad axe of flaming!
You die...

##### #...# #... #..
#.# ####.####+##
#....'@....#
#....#.@...#
#....#.....# ###
###'#####.##
...###+#####..######
.....................
......................
......................
....###..####....###..


You could see Maggie.

Vanquished Creatures
  Eustachio (D:6)
  A yak (D:7)
  Menkaure (D:6)
  A water moccasin (D:3)
  An orc warrior (D:7)
  A sky beast (D:7)
  A black bear (D:6)
  A centaur (D:7)
  A gnoll sergeant (D:7)
  3 scorpions
  2 bombardier beetles (D:3)
  3 hounds
  An orc priest (D:6)
  An orc wizard (D:7)
  9 gnolls
  2 adders (D:2)
  An ufetubus (D:7)
  A dart slug (D:2)
  A ribbon worm (D:2)
  2 orcs
  3 ball pythons
  4 endoplasms
  5 giant cockroaches
  4 hobgoblins
  4 kobolds
  2 quokkas
  11 bats
  A frilled lizard (D:2)
  6 goblins
  4 rats
79 creatures vanquished.

Notes
Turn   | Place    | Note
-------+----------+-------------------------------------------
     0 | D:1      | Gadfly the Armataur Fighter began the quest for the Orb.
     0 | D:1      | Reached XP level 1. HP: 18/18 MP: 1/1
   273 | D:1      | Reached XP level 2. HP: 25/25 MP: 2/2
   748 | D:2      | Reached skill level 1 in Invocations
   748 | D:2      | Reached skill level 1 in Evocations
   748 | D:2      | Reached XP level 3. HP: 21/30 MP: 3/3
  1588 | D:3      | Reached XP level 4. HP: 38/38 MP: 5/5
  2066 | D:3      | Reached XP level 5. HP: 45/45 MP: 6/6
  2441 | D:4      | Noticed a water moccasin
  2510 | D:3      | Killed a water moccasin
  2511 | D:3      | Reached XP level 6. HP: 39/51 MP: 6/8
  2721 | D:4      | Found a transporter.
  2725 | D:4      | Found a transporter.
  2725 | D:4      | Noticed ChrisAssaf's ghost (amateur HuEn)
  2790 | D:4      | Found a staircase to the Ecumenical Temple.
  2855 | Temple   | Entered the Ecumenical Temple
  2865 | Temple   | Became a worshipper of Elyvilon the Healer
  2905 | D:4      | You fall into a shaft and drop 3 floors!
  2959 | D:7      | Noticed a sky beast
  2981 | D:7      | Killed a sky beast
  2983 | D:7      | Noticed a yak
  3009 | D:7      | Killed a yak
  3010 | D:7      | Gained mutation: You regenerate magic and health when
                  | rolling toward enemies. (Rampage Regen) [Armataur growth]
  3010 | D:7      | Reached XP level 7. HP: 17/57 MP: 9/9
  3234 | D:7      | Found a radiant altar of Vehumet.
  3246 | D:6      | Noticed Charlie33ad's ghost (novice HOBe)
  3246 | D:6      | Found a runed translucent door.
  3340 | D:7      | Reached skill level 5 in Armour
  3483 | D:6      | Noticed Menkaure
  3493 | D:6      | Killed Menkaure
  3494 | D:6      | Reached XP level 8. HP: 66/66 MP: 9/11
  3974 | D:6      | Noticed Eustachio
  4025 | D:6      | Killed Eustachio
  4026 | D:6      | Reached skill level 5 in Shields
  4076 | D:6      | Noticed Maggie
  4088 | D:6      | Slain by Maggie

Illustrated notes

Levels and vault maps discovered:
D:1:      zelgadis_glass_arrival_large, layout_basic, nrook_uturn
D:2:      layout_loops_ring
D:3:      layout_loops_ring, roderic_batcave
D:4:      layout_gridville, minmay_temple_entry_gardened_gates,
          gammafunk_ghost_arena, grunt_decor_fettered, minmay_circle_x
D:6:      kennysheep_steamy, layout_gridville, marbit_many_paths,
          lemuel_doored_altar, hellmonk_ghost_happy_afterlife, uniq_menkaure,
          uniq_blork_the_orc, uniq_maggie, uniq_eustachio
D:7:      layout_loops_ring, vehumet_crystals, overflow_temple_1_default
Temple:   regret_index_temple_sphere_string

Skill      XL: |  1  2  3  4  5  6  7  8 |
---------------+-------------------------+-----
Maces & Flails | 2 3 4 |  4.8
Invocations    | 1 2 3 4 |  4.7
Evocations     | 1 2 3 4 |  4.7
Fighting       | 3 4 |  4.2
Armour         | 4 5 |  5.5
Shields        | 4 5 |  5.0

Action                     |  1- 3 |  4- 6 |  7- 9 || total
---------------------------+-------+-------+-------++-------
  Melee: Flail             |   100 |   129 |   144 ||   373
         Tailslap          |    11 |    13 |    22 ||    46
    Use: Scroll            |     5 |     3 |     3 ||    11
         Potion            |       |     3 |     3 ||     6
 Armour: Scale mail        |    82 |   186 |   173 ||   441
         Plate armour      |       |       |   154 ||   154
  Dodge: Dodged            |    25 |    42 |    93 ||   160
  Block: Buckler           |    18 |    46 |    85 ||   149
